 Dungeon Crawl Stone Soup version 0.30.0-29-ga12c61a403 (webtiles) character file.

Game seed: 10731532435304684640

21563 LustLizard the Grappler (level 12, -1/133 HPs)
             Began as an Octopode Berserker on June 17, 2023.
             Was an Elder of Trog.
             Slain by an orc warrior
             ... wielding a +0 dire flail
              (14 damage)
             ... on level 12 of the Dungeon.
             The game lasted 00:24:19 (13869 turns).

LustLizard the Grappler (Octopode Berserker)       Turns: 13869, Time: 00:24:20

Health: -1/133     AC:  1    Str: 21    XL:     12   Next: 91%
Magic:  12/12      EV: 17    Int:  9    God:    Trog [****..]
Gold:   746        SH:  0    Dex: 12    Spells: 11/11 levels left

rFire   . .          .
                       - Unarmed
rCold   . . .        (no shield)
rNeg    . . .        (helmet restricted)
rPois   .            l - amulet of the acrobat
rElec   .            (no ring)
rCorr   .            (no ring)
SInv    .            (no ring)
Will    .....        (no ring) Stlth
                     (no ring)
HPRegen 0.42/turn    (no ring)
MPRegen 0.13/turn    (no ring)
                     (no ring)

%: acrobat
@: berserking (expiring), very quick
A: almost no armour, amphibious, 8 rings, camouflage 1, gelatinous body 1,
(nimble swimmer 1), tentacles
a: Renounce Religion, Berserk, Trog's Hand, Brothers in Arms


You were on level 12 of the Dungeon.
You worshipped Trog.
Trog was greatly pleased with you.
You visited 1 branch of the dungeon, and saw 12 of its levels.
You also visited: Bailey.

You collected 866 gold pieces.
You spent 120 gold pieces at shops.

Inventory:

Missiles
 b - 34 boomerangs (quivered)
 c - 29 poisoned darts
 n - 26 stones
 t - 3 throwing nets
Armour
 E - the +3 hat of Pondering {ponderous, Will+ MP+10 Int+5}
   (You took it off Gastronok on level 8 of the Dungeon)

   Int:       It affects your intelligence (+5).
   MP:        It affects your magic capacity (+10).
   Will:      It increases your willpower.
Jewellery
 l - an amulet of the acrobat (around mantle)
Wands
 f - a wand of digging (14)
 p - a wand of polymorph (3)
 v - a wand of light (22)
 H - a wand of iceblast (7)
Scrolls
 g - 2 scrolls of enchant armour
 h - 2 scrolls of fear
 k - 2 scrolls of teleportation {unknown}
 o - 3 scrolls of blinking
 q - 4 scrolls of magic mapping
 r - 2 scrolls of fog
 w - 7 scrolls of poison
 x - a scroll of summoning {unknown}
 y - a scroll of vulnerability {unknown}
 z - 2 scrolls of amnesia {unknown}
 F - a scroll of brand weapon {unknown}
Potions
 a - 5 potions of haste
 d - 2 potions of resistance
 e - 2 potions of magic {unknown}
 i - 2 potions of heal wounds
 j - a potion of might {unknown}
 m - 7 potions of curing
 s - 3 potions of ambrosia
 A - 2 potions of invisibility {unknown}
 B - a potion of cancellation {unknown}
 C - 2 potions of mutation {unknown}
 D - a potion of degeneration {unknown}
 G - 2 potions of berserk rage {unknown}
 I - a potion of lignification {unknown}
Miscellaneous
 u - a box of beasts


   Skills:
 + Level 10.7 Fighting
 - Level 4.0 Throwing
 + Level 10.7 Dodging
 - Level 5.0 Stealth
 * Level 14.6 Unarmed Combat


You had 11 spell levels left.
You didn't know any spells.
Your spell library was empty.

Dungeon Overview and Level Annotations

Branches:
Dungeon (12/15)            Temple (0/1) D:5            Lair (0/5) D:8
    Orc (0/2) D:11         Bailey (visited)

Altars:
Ashenzari
Cheibriados
Fedhas
Kikubaaqudgha
Qazlal
Vehumet
Wu Jian
Zin

Shops:
D:5 [   D:8 *

Annotations:
D:10 Erolcha


Innate Abilities, Weirdness & Mutations

You cannot wear most types of armour.
You are amphibious.
You can wear up to eight rings at the same time.
Your skin changes colour to match your surroundings (Stealth+).
Your rubbery body absorbs attacks. (AC +1, EV +1)
((You are camouflaged when in or above water. (Stealth+)))
You have tentacles for arms and can constrict up to eight enemies at once.


Message History

You tentacle-slap the skeletal warrior!
The skeletal warrior is lightly damaged.
You constrict the skeletal warrior.
The skeletal warrior hits you with a +0 flail!
A skeletal warrior comes into view. It is wielding a +0 short sword.
You bludgeon the skeletal warrior!
You tentacle-slap the skeletal warrior, but do no damage.
The skeletal warrior is heavily damaged.
You constrict the skeletal warrior. You tentacle-slap the skeletal warrior.
The skeletal warrior is heavily damaged.
You constrict the skeletal warrior, but do no damage.
The skeletal warrior hits you with a +0 flail!
You batter the skeletal warrior!!
The skeletal warrior is almost destroyed.
You constrict the skeletal warrior, but do no damage.
You tentacle-slap the skeletal warrior.
Your tentacle-slap misses the skeletal warrior.
You squeeze the skeletal warrior!
You destroy the skeletal warrior!
Trog accepts your kill.
The skeletal warrior hits you with a +0 short sword!!
You barely miss the skeletal warrior. Your grab misses the skeletal warrior.
Your squeeze misses the skeletal warrior.
You batter the skeletal warrior!! Your grab misses the skeletal warrior.
You squeeze the skeletal warrior!
The skeletal warrior is moderately damaged.
The skeletal warrior hits you with a +0 short sword!
* * * LOW HITPOINT WARNING * * *
The orc warrior closely misses you.
You closely miss the skeletal warrior. Your grab misses the skeletal warrior.
You squeeze the skeletal warrior, but do no damage.
The skeletal warrior is moderately damaged.
You bludgeon the skeletal warrior! Your grab misses the skeletal warrior.
Your tentacle-slap misses the skeletal warrior.
The skeletal warrior is heavily damaged.
The skeletal warrior hits you with a +0 short sword!!
* * * LOW HITPOINT WARNING * * *
The orc warrior hits you with a +0 dire flail!
You die...

#..###
#######..######
#..............
#.#####..###### #)#
#..# #.# #..# # #.#
#..# #..$######.#
#..# #.....o@...#
#..#
#..##.z...........#
#.##########. ...
.... #... #.. #..


You could see a skeletal warrior and an orc warrior.

Vanquished Creatures
  Gastronok (D:8)
  Josephine (D:10)
  3 two-headed ogres
  4 skeletal warriors (D:12)
  2 cyclopes (D:11)
  A manticore (D:11)
  Maggie (D:7)
  A kobold demonologist (D:11)
  3 trolls
  A hornet (D:10)
  A slime creature (D:8)
  7 wraiths
  19 yaks
  A steam dragon (D:8)
  A warg (D:8)
  An acid dragon (D:10)
  5 water moccasins
  Duvessa (D:7)
  An ice beast (D:7)
  A sky beast (D:8)
  6 orc warriors
  2 phantoms
  5 centaurs
  5 kobold brigands
  A bullfrog (D:7)
  2 scorpions
  4 wights (D:8)
  Dowan (D:7)
  3 killer bees (D:10)
  A howler monkey (D:6)
  3 jellies
  7 hounds
  An orc priest (D:8)
  A gnoll bouda (D:3)
  2 iguanas
  9 orc wizards
  Robin (D:4)
  13 gnolls
  6 adders
  2 white imps
  2 worms
  2 dart slugs
  23 orcs
  7 ball pythons
  4 bats
  10 endoplasms
  4 giant cockroaches
  11 hobgoblins
  15 kobolds
  8 quokkas
  2 frilled lizards
  20 goblins
  3 rats (D:2)
242 creatures vanquished.

Notes
Turn   | Place    | Note
-------+----------+-------------------------------------------
     0 | D:1      | LustLizard the Octopode Berserker began the quest for the
                  | Orb.
     0 | D:1      | Reached XP level 1. HP: 16/16 MP: 1/1
   159 | D:1      | Reached XP level 2. HP: 21/21 MP: 2/2
   574 | D:1      | Reached skill level 1 in Stealth
   732 | D:2      | Reached XP level 3. HP: 26/26 MP: 3/3
   850 | D:2      | Reached ** piety under Trog
   851 | D:2      | Reached skill level 1 in Throwing
  1081 | D:2      | Reached XP level 4. HP: 29/31 MP: 4/4
  1573 | D:3      | Found a faded altar of an unknown god.
  1600 | D:3      | Reached skill level 4 in Unarmed Combat
  1601 | D:3      | Reached XP level 5. HP: 15/36 MP: 5/5
  2127 | D:4      | Noticed Robin
  2148 | D:4      | Reached XP level 6. HP: 43/43 MP: 6/6
  2360 | D:4      | Reached *** piety under Trog
  2821 | D:4      | Reached skill level 5 in Unarmed Combat
  3056 | D:4      | HP: 1/43 [gnoll/+0 halberd[a gnoll bouda] (7)]
  3270 | D:4      | Killed Robin
  3274 | D:4      | Reached XP level 7. HP: 20/48 MP: 7/7
  3738 | D:5      | Entered Level 5 of the Dungeon
  3940 | D:5      | Found Limuut's Antique Armour Emporium.
  3984 | D:5      | Found a staircase to the Ecumenical Temple.
  4794 | D:6      | Reached XP level 8. HP: 45/54 MP: 8/8
  4848 | D:6      | Reached skill level 6 in Unarmed Combat
  5138 | D:7      | Reached skill level 5 in Stealth
  5314 | D:7      | Noticed Duvessa
  5314 | D:7      | Noticed Dowan
  5318 | D:7      | Reached **** piety under Trog
  5319 | D:7      | Reached skill level 5 in Fighting
  5319 | D:7      | Reached skill level 5 in Dodging
  5328 | D:7      | Killed Duvessa
  5340 | D:7      | Killed Dowan
  5653 | D:7      | Reached skill level 7 in Unarmed Combat
  5730 | D:7      | Noticed a wraith
  5748 | D:7      | Killed a wraith
  5809 | D:7      | Noticed Maggie
  6158 | D:8      | Reached XP level 9. HP: 62/62 MP: 9/9
  6349 | D:8      | Reached skill level 8 in Unarmed Combat
  6359 | D:8      | Identified the +5 scale mail of Zilut {Dex+3 Slay+3 SInv}
  6942 | D:8      | Found Ulisapp's Assorted Antiques.
  6947 | D:8      | Bought a scroll labelled JOSYXU LUOBIC for 31 gold pieces
  6947 | D:8      | Bought a scroll labelled OHU DEYGALEGUB for 31 gold pieces
  6947 | D:8      | Bought a fizzy ruby potion for 27 gold pieces
  6947 | D:8      | Bought a scroll labelled RIFEIBL TIDWU for 31 gold pieces
  7168 | D:8      | Noticed Gastronok
  7218 | D:8      | Reached skill level 9 in Unarmed Combat
  7359 | D:8      | HP: 3/63 [warg (13)]
  7632 | D:8      | Reached XP level 10. HP: 50/71 MP: 10/10
  7818 | D:8      | Reached skill level 10 in Unarmed Combat
  7899 | D:8      | Killed Gastronok
  7902 | D:8      | Found a staircase to the Lair.
  7998 | D:8      | Found an ancient bone altar of Kikubaaqudgha.
  8376 | D:9      | Found a flagged portal.
  8495 | Bailey   | Entered a bailey
  8506 | Bailey   | Noticed an orc warlord
  8608 | Bailey   | Found a runed translucent gate.
  8610 | Bailey   | Found a runed translucent gate.
  8612 | Bailey   | Found a runed translucent gate.
  8806 | D:9      | Reached skill level 12 in Unarmed Combat
  8806 | D:9      | Reached XP level 11. HP: 30/80 MP: 11/11
 10135 | D:9      | Found an ornate altar of the Wu Jian Council.
 10135 | D:9      | Found a broken altar of Ashenzari.
 10150 | D:9      | Found a blossoming altar of Fedhas.
 10152 | D:9      | Found a snail-covered altar of Cheibriados.
 10154 | D:9      | Found a radiant altar of Vehumet.
 10386 | D:7      | Killed Maggie
 10468 | D:10     | Entered Level 10 of the Dungeon
 10547 | D:10     | Reached skill level 13 in Unarmed Combat
 10607 | D:10     | Reached XP level 12. HP: 63/86 MP: 12/12
 10720 | D:10     | Noticed Josephine
 10725 | D:10     | Killed Josephine
 11392 | D:10     | Noticed Erolcha
 11440 | D:10     | Reached skill level 10 in Fighting
 11657 | D:10     | Reached skill level 10 in Dodging
 11681 | D:10     | Found a stormy altar of Qazlal.
 11883 | D:10     | Noticed a two-headed ogre
 11893 | D:10     | Killed a two-headed ogre
 12461 | D:11     | Found a glowing silver altar of Zin.
 12483 | D:11     | Found a staircase to the Orcish Mines.
 12548 | D:11     | Noticed a two-headed ogre
 12554 | D:11     | Killed a two-headed ogre
 12640 | D:11     | Reached skill level 14 in Unarmed Combat
 13022 | D:11     | Noticed a two-headed ogre
 13031 | D:11     | Killed a two-headed ogre
 13869 | D:12     | Slain by an orc warrior

Illustrated notes

Levels and vault maps discovered:
D:1:      scummos_arrival_simple_crosswalls, layout_rooms, serial_corexii_hall,
          corexii_hall_statues_i, chequers_hall_statues_corner_a,
          chequers_serial_rivers_large_b
D:2:      layout_loops_ring
D:3:      layout_loops_ring, chequers_ecumenical_altar_simple_redux
D:4:      layout_gridville, minmay_ruptured, uniq_robin
D:5:      layout_gridville, minmay_temple_entry_waves, serial_shops, shop,
          minmay_gold_behind_fungi
D:6:      layout_gridville
D:7:      layout_cave_pools, uniq_maggie, uniq_duvessa
D:8:      nicolae_whirlpool, layout_basic, mainiacjoe_overflow_24_doors,
          erik_lair_orcish_takeover, serial_shops, nicolae_shop_dealshenge,
          minmay_fractal_squares_gapless_5, uniq_gastronok
D:9:      layout_layer_cave, chequers_temple_overflow_minitemple,
          enter_bailey_5, mrwooster_statue_mirror, dk_vineyard_1
D:10:     layout_cave_pods, nicolae_qazlal_style_of_elements, serial_glass,
          glass_columns_c, glass_columns_a, minmay_strange_pillars,
          feat_on_display, item_on_display_a, uniq_erolcha, uniq_josephine
D:11:     layout_basic, orc_0_dummy, zin_treasury
D:12:     layout_loops_ring, serial_shops, shop, special_room
          [special_room_orc], uniq_frances, uniq_psyche, uniq_sonja

Skill      XL: |  1  2  3  4  5  6  7  8  9 10 11 12 |
---------------+-------------------------------------+-----
Stealth        | 1 2 3 4 5 |  5.0
Throwing       | 1 2 3 4 |  4.0
Unarmed Combat | 4 5 7 9 12 13 14 | 14.6
Dodging        | 4 5 7 9 10 | 10.7
Fighting       | 4 5 7 9 10 | 10.7

Action                     |  1- 3 |  4- 6 |  7- 9 | 10-12 || total
---------------------------+-------+-------+-------+-------++-------
  Melee: Unarmed           |    68 |   124 |   233 |   282 ||   707
         Constrict         |    22 |    35 |    38 |    30 ||   125
         Punch             |     3 |     5 |    12 |    23 ||    43
         Tentacles         |     9 |    28 |    47 |    77 ||   161
  Throw: Dart              |       |     6 |       |    10 ||    16
         Boomerang         |       |     7 |     4 |     8 ||    19
         Stone             |       |       |    36 |    32 ||    68
 Invoke: Trog's Hand       |       |     1 |     1 |     2 ||     4
         Berserk           |       |       |     5 |    12 ||    17
    Use: Scroll            |       |       |     6 |     9 ||    15
         Potion            |       |       |     1 |     1 ||     2
   Stab: Sleeping          |    11 |     7 |     4 |     5 ||    27
         Distracted        |       |     2 |       |     2 ||     4
 Armour: Skin              |     2 |     3 |     7 |     6 ||    18
  Dodge: Dodged            |    26 |    64 |   145 |   166 ||   401
